Description

A simple 3 gate blink timing attack at 5:10 with 11 stalkers and a transition into stalker colo zealot archon timing attack 3 base

Replay - Ley Lines (105)

Build Order

Get SALT Encoding   

  12  0:00  Probe  
  13  0:12  Probe  
  14  0:18  Pylon  
  14  0:24  Probe  
  15  0:32  Probe  
  15  0:37  Gateway  
  15  0:40  Probe  
  16  0:46  Assimilator  
  17  0:52  Probe  
  18  1:04  Probe  
  19  1:16  Probe  
  20  1:24  Zealot  
  20  1:25  Cybernetics Core  
  22  1:37  Nexus  
  22  1:44  Pylon  
  22  1:47  Probe  
  22  1:52  Assimilator  
  23  1:55  Adept  
  23  2:02  Probe  
  23  2:06  Warp Gate  
  27  2:22  Adept  
  27  2:28  Twilight Council  
  31  2:44  Blink  
  31  2:47  Gateway  
  36  3:19  Robotics Facility  
  38  3:23  Gateway  
  40  3:34  Pylon  
  44  3:56  Stalker x2  
  44  3:57  Pylon  
  44  4:00  Warp Prism  
  50  4:19  Stalker x3  
  50  4:23  Pylon  
  56  4:43  Stalker x3  
  64  5:03  Nexus  
  64  5:07  Stalker x2  
  72  5:17  Assimilator  
  74  5:28  Assimilator  
  74  5:29  Robotics Bay  
  76  5:48  Charge  
  77  5:51  Gateway x2  
  78  6:03  Colossus  
  78  6:07  Gateway x2  
  80  6:17  Extended Thermal Lance  
  86  6:20  Sentry  
  91  6:32  Gateway  
  91  6:35  Forge  
  91  6:42  Gateway  
  94  6:53  Sentry  
  98  6:54  Protoss Ground Weapons Level 1  
  104  7:13  Colossus  
  104  7:25  Zealot x3  
  116  7:32  Templar Archives  
  116  7:35  Zealot x3  
  122  7:49  Colossus  
  122  7:50  Zealot x3  
  146  8:23  High Templar x2  
  146  8:27  Archon  
  164  8:55  High Templar x2  
  174  8:59  Archon  
Spawning Tool Build Advisor. Get it on Overwolf

Go to:

Details

  • Created by: Kenosua
  • Published on: Feb 16, 2025
  • Modified on: Feb 16, 2025
  • Patch: 5.0.11
  • Difficulty: Medium
Show
View Real Time Build Order
Export as new Build Order

Comments (1)

On May 6, 2025, 1:41 p.m., LarryRoss  said:

20 1:24 Zealot ??????

Create an account to comment!